 Dungeon Crawl Stone Soup version 0.31-a0-167-g1c394c0614 (webtiles) character file.

Game seed: 7244655137157056650

436 Anon1729 the Trooper (level 6, -2/56 HPs)
             Began as a Minotaur Monk on June 14, 2023.
             Slain by a gnoll bouda
             ... wielding a +0 whip of electrocution
              (8 damage)
             ... on level 4 of the Dungeon.
             The game lasted 00:02:27 (2914 turns).

Anon1729 the Trooper (Minotaur Monk)                Turns: 2914, Time: 00:02:28

Health: -2/56      AC:  6    Str: 15    XL:     6   Next: 69%
Magic:  7/7        EV: 14    Int:  7    God:
Gold:   144        SH:  0    Dex: 15    Spells: 5/5 levels left

rFire   . . .        a - +0 short sword
rCold   . . .        d - orb {light}
rNeg    . . .        b - +0 robe
rPois   .            (helmet restricted)
rElec   .            (no cloak)
rCorr   .            (no gloves)
SInv    .            (no boots)
Will    .....        t - amulet of the acrobat
Stlth   +            e - +4 ring of protection
HPRegen 0.29/turn    l - ring of flight
MPRegen 0.10/turn

%: acrobat
@: weakened, flying, glowing
A: horns 2, retaliatory headbutt
a: no special abilities


You were on level 4 of the Dungeon.
You visited 1 branch of the dungeon, and saw 4 of its levels.
You also visited: Sewer.

You collected 144 gold pieces.

Inventory:

Hand Weapons
 a - a +0 short sword (weapon)
Armour
 b - a +0 robe (worn)
 d - an orb of light (worn)
Jewellery
 e - a +4 ring of protection (left hand)
 l - a ring of flight (right hand)
 t - an amulet of the acrobat (around neck)
 v - a ring of magical power
Scrolls
 g - a scroll of fog {unknown}
 h - 3 scrolls of torment {unknown}
 i - a scroll of enchant weapon {unknown}
 n - 3 scrolls of teleportation
 r - a scroll of identify {unknown}
 s - 2 scrolls of enchant armour {unknown}
Potions
 c - 2 potions of ambrosia
 f - a potion of invisibility {unknown}
 j - a potion of degeneration {unknown}
 k - 2 potions of cancellation {unknown}
 m - 7 potions of enlightenment
 o - a potion of brilliance {unknown}
 p - a potion of attraction {unknown}
 q - a potion of mutation {unknown}
 u - a potion of curing {unknown}


   Skills:
 + Level 5.1 Fighting
 + Level 4.6 Short Blades
 + Level 3.4 Armour
 + Level 4.8 Dodging
 + Level 2.9 Invocations


You had 5 spell levels left.
You didn't know any spells.
Your spell library contained the following spells:

 Spells                   Type           Power      Damage    Failure   Level
 Stone Arrow              Conj/Erth      0%         3d7       80%         3
 Animate Armour           Summ/Erth      0%         N/A       99%         4
 Lehudib's Crystal Spear  Conj/Erth      0%         10d2      100%        8


Dungeon Overview and Level Annotations

Branches:
Dungeon (4/15)              Sewer (visited)
 Temple: D:4-7

Altars:
Vehumet

Shops:
D:1 [(:


Innate Abilities, Weirdness & Mutations

You have a pair of horns on your head.
You reflexively headbutt those who attack you in melee.


Message History

The gnoll bouda attacks as you move away!
The gnoll bouda closely misses you.
The gnoll hits you from afar with a +0 halberd.
The howler monkey hoots and howls with incredible vigour!
The gnoll bouda gazes fiercely through you!
You feel your attacks grow feeble.
You hit the gnoll bouda but do no damage.
You headbutt the gnoll bouda.
The gnoll bouda is moderately wounded.
The gnoll hits you from afar with a +0 halberd.
The gnoll bouda attacks as you move away!
The gnoll bouda misses you.
A goblin comes into view. It is wielding a +0 dagger.
The goblin shouts!
The gnoll misses you. The gnoll attacks as you move away!
The gnoll completely misses you.
The howler monkey hoots and howls with incredible vigour!
The gnoll closely misses you.
The gnoll hits you from afar with a +0 halberd.
You hear a shout!
The gnoll bouda attacks as you move away!
The gnoll bouda closely misses you.
The gnoll is no longer moving quickly.
The gnoll is no longer moving quickly.
The goblin misses you.
The gnoll bouda gazes fiercely through you!
You feel as though you will be weak longer.
You hit the goblin.
The goblin is moderately wounded.
The goblin barely misses you.
The gnoll bouda barks out a call to the hunt!
The gnolls pick up the pace!
You barely miss the gnoll bouda.
The gnoll bouda is moderately wounded.
The goblin hits you but does no damage.
The gnoll bouda hits you but does no damage.
You are electrocuted!
* * * LOW HITPOINT WARNING * * *
You hit the gnoll bouda but do no damage.
The gnoll bouda is moderately wounded.
The gnoll bouda hits you with a +0 whip of electrocution!
You die...

#######.#...#
..........# #..##
######....#.. #....
#.........(...#...#
#.........#.#.#...
#..)........# ...
..........######.#######
.).###..........g.......
.........#### #@#
.#...#...# #g#
.........# #####g#
.###.....# #...gg#
.#.......# #.....#
.#.##....###.....# .#.
###.##..h....# #
#........###
#........###


You could see a gnoll bouda, 3 gnolls and a goblin.

Vanquished Creatures
  A phantom (D:4)
  A scorpion (D:4)
  An iguana (D:4)
  A sickly merfolk siren (Sewer)
  A malarious merfolk avatar (Sewer)
  Robin (D:3)
  9 adders
  3 river rats (Sewer)
  A worm (D:3)
  3 dart slugs
  4 orcs
  9 ball pythons
  8 endoplasms
  5 giant cockroaches
  16 goblins
  9 hobgoblins
  5 kobolds
  3 quokkas (Sewer)
  3 bats
  9 frilled lizards
  27 rats
120 creatures vanquished.

Vanquished Creatures (others)
  A hobgoblin (D:4)
1 creature vanquished.

Grand Total: 121 creatures vanquished

Notes
Turn   | Place    | Note
-------+----------+-------------------------------------------
     0 | D:1      | Anon1729 the Minotaur Monk began the quest for the Orb.
     0 | D:1      | Reached XP level 1. HP: 19/19 MP: 0/0
   178 | D:1      | Reached XP level 2. HP: 27/27 MP: 1/1
   351 | D:1      | Found Okahaopt's Weapon Shoppe.
   406 | D:1      | Found Paudufal's Book Shop.
   441 | D:1      | Reached skill level 1 in Armour
   657 | D:1      | Reached skill level 4 in Fighting
   666 | D:1      | Reached skill level 1 in Invocations
   701 | D:1      | Reached XP level 3. HP: 33/33 MP: 2/2
   883 | D:1      | Found Fuaxkycy's Antique Armour Shop.
  1335 | D:3      | Found a glowing drain.
  1352 | D:3      | Reached XP level 4. HP: 40/40 MP: 4/4
  1378 | Sewer    | Entered a sewer
  1563 | Sewer    | Reached XP level 5. HP: 40/47 MP: 5/5
  2278 | D:3      | Noticed Robin
  2297 | D:3      | Killed Robin
  2396 | D:3      | Found a radiant altar of Vehumet.
  2440 | D:4      | Reached XP level 6. HP: 43/55 MP: 6/6
  2641 | D:4      | Identified the +4 chain mail of Midnight {*Slow +Inv SInv}
  2710 | D:4      | Reached skill level 5 in Fighting
  2914 | D:4      | Slain by a gnoll bouda

Illustrated notes

Levels and vault maps discovered:
D:1:      moated_graveyard_arrival, layout_loops_corners, serial_shops,
          nicolae_shop_tiny_real_fake_doors, nicolae_shop_tiny_statue_garden,
          nicolae_book_shop_shelving
D:2:      minmay_alternating_diamond, layout_loops_corners,
          nicolae_grassy_gnolls
D:3:      layout_loops_cross, overflow_temple_1_default, gup_sewer_entry_glass,
          minivault_26, uniq_robin
D:4:      layout_basic, grunt_temple_overflow_order_and_chaos_1,
          minmay_temple_entry_stoned_glass, uniq_duvessa

Skill      XL: |  1  2  3  4  5  6 |
---------------+-------------------+-----
Armour         | 1 2 3 |  3.4
Fighting       | 4 5 |  5.1
Invocations    | 1 2 |  2.9
Short Blades   | 4 |  4.6
Dodging        | 4 |  4.8

Action                     |  1- 3 |  4- 6 || total
---------------------------+-------+-------++-------
  Melee: Short sword       |    90 |   204 ||   294
         Headbutt          |    23 |    50 ||    73
 Armour: Robe              |    21 |    57 ||    78
  Dodge: Dodged            |    45 |   135 ||   180

Table legend: (Time is in decaauts)
 A = Elapsed time spent in this place.
 B = Non-inter-level travel time spent in this place.
 C = Inter-level travel time spent in this place.
 D = Time resting spent in this place.
 E = Time spent auto-exploring this place.
 F = Levels seen in this place.
 G = Mean time per level.
                   A        B        C        D        E       F      G
               +--------+--------+--------+--------+--------+-----+--------+
         Total |   2904 |   2883 |     21 |    145 |   2139 |   5 |  580.8 |
       Dungeon |   2269 |   2248 |     21 |     61 |   1798 |   4 |  567.2 |
         Sewer |    635 |    635 |      0 |     84 |    341 |   1 |  635.0 |
               +--------+--------+--------+--------+--------+-----+--------+

Top non-repeatable levels by time:
     D:1: 939 daAuts
   Sewer: 635 daAuts
     D:3: 633 daAuts
     D:4: 484 daAuts
     D:2: 212 daAuts
